Phantoms vs Rocket
Created - January 30, 2022 at 19:45
Goals
|
| Phantoms |
5 |
2 |
0 |
7 |
| Rocket |
2 |
1 |
2 |
5 |
|
Shots
|
| Phantoms |
16 |
15 |
14 |
45 |
| Rocket |
8 |
6 |
15 |
29 |
|
1st period
1. Phantoms , Calle Jarnkrok 10 (Travis Konecny 16) at 0:10
2. Phantoms , Lucas Wallmarkk 4 (JC Lipon 5, Brendan Leipsic 4) at 1:09
3. Rocket , Corey Trivino 9 (Viktor Loov 8) at 1:31 (PP)
4. Phantoms , Calle Jarnkrok 11 (Travis Konecny 17, Jake Dotchin 15) at 1:44
5. Phantoms , Reid McNeill 3 (Sven Andrighetto 4, Nick Shore 13) at 7:28
6. Rocket , Jakub Vrana 3 (Ty Rattie 1) at 15:32
7. Phantoms , Morgan Klimchuk 9 (Nick Shore 14) at 16:47 (PP)
Penalties :
Alex DeBrincat (Leh) for Hooking (Minor) at 1:19, JC Lipon (Leh) for Holding (Minor) at 13:18, Danton Heinen (Lav) for Hooking (Minor) at 16:17
2nd period
8. Phantoms , Morgan Klimchuk 10 (Sven Andrighetto 5, Nick Shore 15) at 8:29
9. Rocket , Corey Trivino 10 (Dean Kukan 3, Danton Heinen 14) at 13:56 (PP)
10. Phantoms , Calle Jarnkrok 12 (Jake Dotchin 16, Travis Konecny 18) at 19:27
Penalties :
Viktor Loov (Lav) for Hooking (Minor) at 1:22, Dylan DeMelo (Lav) for Interference (Minor) at 11:29, Mark Alt (Leh) for Roughing (Minor) at 12:08
3rd period
11. Rocket , Corey Trivino 11 (Viktor Loov 9, Mattias Tedenby 16) at 2:11
12. Rocket , Adrian Kempe 12 (Dylan DeMelo 6, Jakub Vrana 4) at 14:14
Penalties :
Andrey Pedan (Lav) for Hooking (Minor) at 11:27, Brandon Pirri (Lav) for Goalie Interference (Minor) at 14:34
Goalie Stats
Zachary Fucale (Leh), 24 saves from 29 shots - (0.828), W, 3-3-0, 60:00 minutes
Igor Shesterkin (Lav), 7 saves from 11 shots - (0.636), 7:28 minutes
Jean-Francois Berube (Lav), 31 saves from 34 shots - (0.912), L, 9-7-1, 52:32 minutes
Players Stats for Phantoms
Player Name G A P +/- PIM S H SB GA TA FO MP PP MP PK MP
------------------------------------------------------------------------------------
A.J. Greer 0 0 0 0 0 0 0 0 0 0 0/0 0:36 0:00 0:36
Alex DeBrincat 0 0 0 3 2 1 3 2 1 0 1/1 22:27 3:42 0:42
Anthony Angello 0 0 0 0 0 0 0 0 0 0 0/0 0:55 0:00 0:36
Blake Heinrich 0 0 0 -1 0 0 0 1 0 0 0/0 9:25 0:00 0:00
Brendan Leipsic 0 1 1 1 0 2 0 0 1 0 0/0 7:32 0:00 0:00
Brenden Kichton 0 0 0 -1 0 1 0 0 0 2 0/0 9:25 0:00 0:00
Calle Jarnkrok 3 0 3 3 0 5 1 1 1 1 22/42 23:48 3:45 1:21
Cristoval Nieves 0 0 0 -1 0 3 1 0 0 0 3/8 10:06 0:00 0:00
David Kampf 0 0 0 0 0 0 0 0 0 0 0/0 0:22 0:03 0:00
Devon Teows 0 0 0 0 0 0 0 0 0 1 0/0 5:03 0:00 0:00
Erik Nystrom 0 0 0 -1 0 2 0 0 0 0 0/0 10:06 0:00 0:00
Ivan Provorov 0 0 0 -1 0 1 1 2 2 1 0/0 18:36 2:37 0:49
Jake Dotchin 0 2 2 5 0 6 2 1 0 1 0/0 26:56 4:29 1:50
JC Lipon 0 1 1 1 2 3 0 0 0 0 0/0 7:31 0:00 0:00
Laurent Dauphin 0 0 0 0 0 0 0 0 0 0 0/0 0:19 0:00 0:00
Lucas Wallmarkk 1 0 1 1 0 4 0 0 0 0 1/2 7:32 0:00 0:00
Mark Alt 0 0 0 -1 2 0 0 2 0 0 0/0 18:08 2:36 0:47
Mikko Lehtonen 0 0 0 0 0 0 0 0 0 0 0/0 0:27 0:00 0:02
Morgan Klimchuk 2 0 2 0 0 6 1 0 0 0 0/0 16:36 3:21 0:00
Nick Shore 0 3 3 0 0 2 1 0 1 0 15/19 16:36 3:21 0:00
Nick Sorensen 0 0 0 -1 0 0 0 0 0 0 0/0 10:06 0:00 0:00
Reid McNeill 1 0 1 5 0 1 3 3 1 1 0/0 26:56 4:29 1:50
Rinat Valiev 0 0 0 0 0 0 0 0 0 0 0/0 5:03 0:00 0:00
Sven Andrighetto 0 2 2 0 0 3 5 0 1 1 1/1 17:39 3:21 0:42
Travis Konecny 0 3 3 3 0 5 3 1 1 1 0/0 23:48 3:45 1:21
Players Stats for Rocket
Player Name G A P +/- PIM S H SB GA TA FO MP PP MP PK MP
------------------------------------------------------------------------------------
Adam Fox 0 0 0 0 0 1 2 0 0 2 0/0 20:06 1:26 0:00
Adrian Kempe 1 0 1 1 0 5 4 0 1 0 0/0 17:33 1:10 1:02
Andrei Mironov 0 0 0 -2 0 0 0 1 0 1 0/0 21:31 0:45 3:07
Andrey Pedan 0 0 0 -1 2 0 0 0 0 1 0/0 14:27 0:45 1:36
Brandon Pirri 0 0 0 -3 2 1 3 0 0 0 1/2 17:41 1:01 0:00
Corey Trivino 3 0 3 1 0 3 3 0 0 0 14/27 17:18 1:38 0:00
Danton Heinen 0 1 1 -3 2 4 1 0 0 0 0/0 17:37 1:38 0:00
Dean Kukan 0 1 1 -1 0 3 0 0 1 2 0/0 18:24 0:28 4:38
Dominic Turgeon 0 0 0 -1 0 1 1 1 0 0 4/8 11:39 0:00 4:16
Dylan DeMelo 0 1 1 0 2 1 1 1 0 0 0/0 20:12 0:28 4:12
Jakub Vrana 1 1 2 0 0 3 1 2 1 0 0/0 13:02 0:00 1:48
Kole Sherwood 0 0 0 -1 0 0 1 0 0 0 0/0 7:16 0:00 0:00
Mason Appleton 0 0 0 0 0 1 1 0 1 0 3/7 13:02 0:00 1:48
Mattias Tedenby 0 1 1 1 0 2 2 0 1 1 2/4 21:38 1:01 4:16
Peter Holland 0 0 0 -3 0 1 4 1 1 1 5/22 16:39 1:01 1:02
Sergey Tolchinsky 0 0 0 -1 0 0 1 1 2 0 0/1 7:16 0:00 0:00
Ty Rattie 0 1 1 0 0 1 1 0 1 0 1/2 11:32 0:00 0:00
Viktor Loov 0 2 2 -2 2 2 0 3 0 1 0/0 24:36 1:54 0:39
3 Stars
1 - Calle Jarnkrok (Leh)
2 - Corey Trivino (Lav)
3 - Reid McNeill (Leh)
Power Play
Phantoms - 1 on 5 Attempt(s) - 20.00%
Rocket - 2 on 3 Attempt(s) - 66.67%
Penalty Kill
Phantoms - 1 on 3 Attempt(s) - 33.33%
- Score 0 goal in Penalty Kill
Rocket - 4 on 5 Attempt(s) - 80.00%
- Score 0 goal in Penalty Kill
Team Stat
Phantoms - Hits : 21 - Faceoff Wins : 43 - Blocked Shots : 13 - Penalty Minutes : 6
Rocket - Hits : 26 - Faceoff Wins : 30 - Blocked Shots : 10 - Penalty Minutes : 10
Official
Referees : Jean Hebert and Furman South
Linesman : Jonny Murray and Bevan Mills
Game Notes
Jean-Francois Berube enters game at 7:28 of 1st period
Calle Jarnkrok has scored a Hat Trick!
Corey Trivino has scored a Hat Trick!
Finance
Level 1 -- Attendance: 1814 (90.70%) -- Ticket Income $63,490
Level 2 -- Attendance: 879 (87.90%) -- Ticket Income $13,185
Total Attendance: 2693 (89.77%)
Total Ticket Income: $76,675
Other Income: $3,834
Total Income: $80,509
Phantoms
5 vs 5 Forward
Center Left Wing Right Wing Time % Phy DF OF
1 Calle Jarnkrok Alex DeBrincat Travis Konecny 40 1 2 2
2 Nick Shore Morgan Klimchuk Sven Andrighetto 30 1 2 2
3 Cristoval Nieves Erik Nystrom Nick Sorensen 20 1 2 2
4 Lucas Wallmarkk Brendan Leipsic JC Lipon 10 1 2 2
5 vs 5 Defense
Defense Defense Time % Phy DF OF
1 Reid McNeill Jake Dotchin 40 1 2 2
2 Ivan Provorov Mark Alt 30 1 2 2
3 Blake Heinrich Brenden Kichton 20 1 2 2
4 Rinat Valiev Devon Teows 10 1 2 2
PowerPlay Forward
Center Left Wing Right Wing Time % Phy DF OF
1 Calle Jarnkrok Alex DeBrincat Travis Konecny 60 1 2 2
2 Nick Shore Morgan Klimchuk Sven Andrighetto 40 1 2 2
PowerPlay Defense
Defense Defense Time % Phy DF OF
1 Reid McNeill Jake Dotchin 60 1 2 2
2 Ivan Provorov Mark Alt 40 1 2 2
Penalty Kill 4 Players Forward
Center Wing Time % Phy DF OF
1 Calle Jarnkrok Travis Konecny 60 1 2 2
2 Sven Andrighetto Alex DeBrincat 40 1 2 2
Penalty Kill 4 Players Defense
Defense Defense Time % Phy DF OF
1 Reid McNeill Jake Dotchin 60 1 2 2
2 Ivan Provorov Mark Alt 40 1 2 2
Penalty Kill - 3 Players Forward
Forward Time % Phy DF OF
1 Calle Jarnkrok 60 1 2 2
2 Travis Konecny 40 1 2 2
Penalty Kill - 3 Players Defense
Defense Defense Time % Phy DF OF
1 Reid McNeill Jake Dotchin 60 1 2 2
2 Ivan Provorov Mark Alt 40 1 2 2
4 vs 4 Forward
Center Wing Time % Phy DF OF
1 Calle Jarnkrok Travis Konecny 60 1 2 2
2 Sven Andrighetto Alex DeBrincat 40 1 2 2
4 vs 4 Defense
Defense Defense Time % Phy DF OF
1 Reid McNeill Jake Dotchin 60 1 2 2
2 Ivan Provorov Mark Alt 40 1 2 2
Last Minutes Offensive
Center Left Wing Right Wing Defense Defense
Calle Jarnkrok Alex DeBrincat Travis Konecny Reid McNeill Jake Dotchin
Last Minutes Defensive
Center Left Wing Right Wing Defense Defense
Calle Jarnkrok Alex DeBrincat Travis Konecny Reid McNeill Jake Dotchin
Goaltenders
Starting : Zachary Fucale
Backup : Anton Forsberg
Extra Forwards
Normal : David Kampf, Laurent Dauphin, Anthony Angello - PP : David Kampf, Laurent Dauphin - PK : Anthony Angello
Extra Defensemen
Normal : Mikko Lehtonen, Blake Heinrich, Brenden Kichton - PP : Mikko Lehtonen - PK : Blake Heinrich, Brenden Kichton
Penalty Shots
Calle Jarnkrok, Travis Konecny, Sven Andrighetto, Alex DeBrincat, Nick Shore
Scratches
Cooper Marody (Healthy), Michael Bournival (Broken Right Foot Toe Injury), Brett Murray (Healthy), Matt Kiersted (Healthy), Riley Stillman (Healthy)
Jason Kasdorf (Healthy)
Rocket
5 vs 5 Forward
Center Left Wing Right Wing Time % Phy DF OF
1 Corey Trivino Adrian Kempe Mattias Tedenby 35 0 1 4
2 Peter Holland Brandon Pirri Danton Heinen 35 0 1 4
3 Mason Appleton Jakub Vrana Ty Rattie 20 0 2 3
4 Dominic Turgeon Sergey Tolchinsky Kole Sherwood 10 0 3 2
5 vs 5 Defense
Defense Defense Time % Phy DF OF
1 Viktor Loov Andrei Mironov 40 0 2 3
2 Dylan DeMelo Adam Fox 30 0 3 2
3 Andrey Pedan Dean Kukan 20 0 3 2
4 Viktor Loov Adam Fox 10 0 3 2
PowerPlay Forward
Center Left Wing Right Wing Time % Phy DF OF
1 Corey Trivino Adrian Kempe Danton Heinen 60 0 0 5
2 Peter Holland Brandon Pirri Mattias Tedenby 40 0 0 5
PowerPlay Defense
Defense Defense Time % Phy DF OF
1 Viktor Loov Adam Fox 60 0 0 5
2 Andrei Mironov Andrey Pedan 40 0 1 4
Penalty Kill 4 Players Forward
Center Wing Time % Phy DF OF
1 Dominic Turgeon Mattias Tedenby 60 0 4 1
2 Mason Appleton Jakub Vrana 40 0 5 0
Penalty Kill 4 Players Defense
Defense Defense Time % Phy DF OF
1 Dean Kukan Dylan DeMelo 60 0 5 0
2 Andrei Mironov Andrey Pedan 40 0 5 0
Penalty Kill - 3 Players Forward
Forward Time % Phy DF OF
1 Dominic Turgeon 60 0 5 0
2 Corey Trivino 40 0 5 0
Penalty Kill - 3 Players Defense
Defense Defense Time % Phy DF OF
1 Viktor Loov Dylan DeMelo 60 0 5 0
2 Andrei Mironov Andrey Pedan 40 0 5 0
4 vs 4 Forward
Center Wing Time % Phy DF OF
1 Mattias Tedenby Brandon Pirri 60 0 2 3
2 Corey Trivino Danton Heinen 40 0 2 3
4 vs 4 Defense
Defense Defense Time % Phy DF OF
1 Viktor Loov Dean Kukan 60 0 2 3
2 Andrei Mironov Andrey Pedan 40 0 2 3
Last Minutes Offensive
Center Left Wing Right Wing Defense Defense
Corey Trivino Adrian Kempe Danton Heinen Viktor Loov Adam Fox
Last Minutes Defensive
Center Left Wing Right Wing Defense Defense
Corey Trivino Brandon Pirri Mattias Tedenby Viktor Loov Dylan DeMelo
Goaltenders
Starting : Igor Shesterkin
Backup : Jean-Francois Berube
Extra Forwards
Normal : Adrian Kempe, Danton Heinen, Mattias Tedenby - PP : Danton Heinen, Adrian Kempe - PK : Peter Holland
Extra Defensemen
Normal : Adam Fox, Viktor Loov, Andrei Mironov - PP : Adam Fox - PK : Dylan DeMelo, Andrei Mironov
Penalty Shots
Mattias Tedenby, Adrian Kempe, Corey Trivino, Danton Heinen, Viktor Loov
Scratches
Daniel Sprong (Healthy), Guillaume Brisebois (Healthy), Jack Glover (Healthy), Ryan Collins (Healthy), Tyler Lewington (Healthy)
Karson Kuhlman (Healthy), Luke Kunin (Healthy), Mikhail Maltsev (Healthy), Blake Hillman (Healthy)
% Time on Ice - Phantoms
Lines # - Real PCT - Wanted PCT - Time Play
Normal Forward
1 - 37% - 40% - 18:02
2 - 27% - 30% - 13:15
3 - 21% - 20% - 10:06
4 - 15% - 10% - 7:32
Normal Defense
1 - 40% - 40% - 19:42
2 - 30% - 30% - 14:45
3 - 19% - 20% - 9:25
4 - 10% - 10% - 5:03
PP Forward
1 - 53% - 60% - 3:45
2 - 47% - 40% - 3:21
PP Defense
1 - 63% - 60% - 4:29
2 - 37% - 40% - 2:37
PK Forward
1 - 74% - 60% - 1:57
2 - 26% - 40% - 0:42
PK Defense
1 - 69% - 60% - 1:50
2 - 31% - 40% - 0:49
PK3 Forward
1 - 0% - 60%
2 - 0% - 40%
PK3 Defense
1 - 0% - 60%
2 - 0% - 40%
44 Forward
1 - 74% - 60% - 0:59
2 - 26% - 40% - 0:21
44 Defense
1 - 69% - 60% - 0:55
2 - 31% - 40% - 0:25
Last Minute Offensive - 0:00
Last Minute Defensive - 0:00
Total
Forward - 60:00
Defense - 60:00
|
% Time on Ice - Rocket
Lines # - Real PCT - Wanted PCT - Time Play
Normal Forward
1 - 32% - 35% - 15:51
2 - 30% - 35% - 14:39
3 - 23% - 20% - 11:09
4 - 15% - 10% - 7:16
Normal Defense
1 - 38% - 40% - 18:25
2 - 31% - 30% - 15:19
3 - 24% - 20% - 11:46
4 - 7% - 10% - 3:25
PP Forward
1 - 44% - 60% - 1:10
2 - 56% - 40% - 1:29
PP Defense
1 - 72% - 60% - 1:54
2 - 28% - 40% - 0:45
PK Forward
1 - 75% - 60% - 5:18
2 - 25% - 40% - 1:48
PK Defense
1 - 65% - 60% - 4:38
2 - 35% - 40% - 2:28
PK3 Forward
1 - 0% - 60%
2 - 0% - 40%
PK3 Defense
1 - 0% - 60%
2 - 0% - 40%
44 Forward
1 - 74% - 60% - 0:59
2 - 26% - 40% - 0:21
44 Defense
1 - 76% - 60% - 1:01
2 - 24% - 40% - 0:19
Last Minute Offensive - 0:00
Last Minute Defensive - 0:00
Total
Forward - 60:00
Defense - 60:00
|
Play-by-Play
1st period
0:01 of 1st period - Calle Jarnkrok wins face-off versus Corey Trivino in neutral zone.
0:10 of 1st period - Snap shot by Calle Jarnkrok.
0:10 of 1st period - Goal by Calle Jarnkrok - Phantoms : 1 - Rocket : 0.
0:11 of 1st period - Nick Shore wins face-off versus Peter Holland in neutral zone.
0:14 of 1st period - Slapshot by Sven Andrighetto.
0:14 of 1st period - Stopped by Igor Shesterkin with a rebound.
0:49 of 1st period - Slapshot by Cristoval Nieves.
0:49 of 1st period - Shot Misses the Net.
1:05 of 1st period - Slapshot by Lucas Wallmarkk.
1:05 of 1st period - Shot Misses the Net.
1:07 of 1st period - Snap shot by JC Lipon.
1:07 of 1st period - Stopped by Igor Shesterkin with a rebound.
1:09 of 1st period - Slapshot by Lucas Wallmarkk.
1:09 of 1st period - Goal by Lucas Wallmarkk - Phantoms : 2 - Rocket : 0.
1:10 of 1st period - Corey Trivino wins face-off versus Calle Jarnkrok in neutral zone.
1:17 of 1st period - Snap shot by Corey Trivino.
1:17 of 1st period - Shot Blocked by Jake Dotchin.
1:19 of 1st period - Minor Penalty to Alex DeBrincat for Hooking.
1:20 of 1st period - Corey Trivino wins face-off versus Calle Jarnkrok in Phantoms zone.
1:21 of 1st period - Snap shot by Adrian Kempe.
1:21 of 1st period - Stopped by Zachary Fucale without a rebound.
1:22 of 1st period - Calle Jarnkrok wins face-off versus Corey Trivino in Phantoms zone.
1:31 of 1st period - Snap shot by Corey Trivino.
1:31 of 1st period - Goal by Corey Trivino - Phantoms : 2 - Rocket : 1.
1:32 of 1st period - Peter Holland wins face-off versus Calle Jarnkrok in neutral zone.
1:44 of 1st period - Snap shot by Travis Konecny.
1:44 of 1st period - Deflect By Calle Jarnkrok.
1:44 of 1st period - Goal by Calle Jarnkrok - Phantoms : 3 - Rocket : 1.
1:45 of 1st period - Nick Shore wins face-off versus Corey Trivino in neutral zone.
1:48 of 1st period - Snap shot by Nick Shore.
1:48 of 1st period - Shot Misses the Net.
3:12 of 1st period - Morgan Klimchuk is hit by Kole Sherwood and loses puck.
3:55 of 1st period - Mark Alt is hit by Brandon Pirri and loses puck.
4:14 of 1st period - Off-side.
4:15 of 1st period - Calle Jarnkrok wins face-off versus Mason Appleton in neutral zone.
4:18 of 1st period - Snap shot by Travis Konecny.
4:18 of 1st period - Shot Blocked by Jakub Vrana.
4:22 of 1st period - Wrist shot by Calle Jarnkrok.
4:22 of 1st period - Stopped by Igor Shesterkin without a rebound.
4:23 of 1st period - Mason Appleton wins face-off versus Calle Jarnkrok in Rocket zone.
4:23 of 1st period - Mason Appleton is hit by Travis Konecny.
4:38 of 1st period - Andrei Mironov is hit by Jake Dotchin and loses puck.
5:09 of 1st period - Snap shot by Travis Konecny.
5:09 of 1st period - Shot Misses the Net.
5:11 of 1st period - Slapshot by Jake Dotchin.
5:11 of 1st period - Stopped by Igor Shesterkin with a rebound.
5:13 of 1st period - Slapshot by Jake Dotchin.
5:13 of 1st period - Stopped by Igor Shesterkin without a rebound.
5:14 of 1st period - Nick Shore wins face-off versus Peter Holland in Rocket zone.
5:15 of 1st period - Wrist shot by Morgan Klimchuk.
5:15 of 1st period - Stopped by Igor Shesterkin with a rebound.
5:28 of 1st period - Off-side.
5:29 of 1st period - Corey Trivino wins face-off versus Cristoval Nieves in neutral zone.
6:25 of 1st period - Slapshot by Viktor Loov.
6:25 of 1st period - Stopped by Zachary Fucale without a rebound.
6:26 of 1st period - Nick Shore wins face-off versus Peter Holland in Phantoms zone.
6:26 of 1st period - Nick Shore is hit by Danton Heinen.
7:22 of 1st period - Slapshot by Lucas Wallmarkk.
7:22 of 1st period - Stopped by Igor Shesterkin without a rebound.
7:23 of 1st period - Nick Shore wins face-off versus Peter Holland in Rocket zone.
7:26 of 1st period - Snap shot by Sven Andrighetto.
7:26 of 1st period - Shot Blocked by Peter Holland.
7:28 of 1st period - Slapshot by Reid McNeill.
7:28 of 1st period - Goal by Reid McNeill - Phantoms : 4 - Rocket : 1.
7:28 of 1st period - Jean-Francois Berube enters game.
7:29 of 1st period - Calle Jarnkrok wins face-off versus Corey Trivino in neutral zone.
8:26 of 1st period - Wrist shot by Danton Heinen.
8:26 of 1st period - Stopped by Zachary Fucale without a rebound.
8:27 of 1st period - Nick Shore wins face-off versus Corey Trivino in Phantoms zone.
8:53 of 1st period - Wrist shot by Danton Heinen.
8:53 of 1st period - Shot Misses the Net.
9:36 of 1st period - Wrist shot by Dominic Turgeon.
9:36 of 1st period - Stopped by Zachary Fucale with a rebound.
9:39 of 1st period - Icing by Reid McNeill.
9:40 of 1st period - Dominic Turgeon wins face-off versus Lucas Wallmarkk in Phantoms zone.
9:49 of 1st period - Backhand shot by Dominic Turgeon.
9:49 of 1st period - Shot Blocked by Reid McNeill.
10:07 of 1st period - Wrist shot by Brendan Leipsic.
10:07 of 1st period - Shot Blocked by Viktor Loov.
10:09 of 1st period - Snap shot by Lucas Wallmarkk.
10:09 of 1st period - Shot Hit the Post.
10:19 of 1st period - Slapshot by Lucas Wallmarkk.
10:19 of 1st period - Stopped by Jean-Francois Berube with a rebound.
10:21 of 1st period - Slapshot by Reid McNeill.
10:21 of 1st period - Deflect By Brendan Leipsic.
10:21 of 1st period - Stopped by Jean-Francois Berube without a rebound.
10:22 of 1st period - Brandon Pirri wins face-off versus Calle Jarnkrok in Rocket zone.
10:54 of 1st period - Slapshot by Adam Fox.
10:54 of 1st period - Shot Blocked by Mark Alt.
10:56 of 1st period - Slapshot by Dylan DeMelo.
10:56 of 1st period - Shot Blocked by Ivan Provorov.
10:58 of 1st period - Snap shot by Jakub Vrana.
10:58 of 1st period - Shot Misses the Net.
11:00 of 1st period - Wrist shot by Ty Rattie.
11:00 of 1st period - Stopped by Zachary Fucale with a rebound.
11:12 of 1st period - Corey Trivino is hit by Cristoval Nieves and loses puck.
12:28 of 1st period - Calle Jarnkrok is hit by Adrian Kempe and loses puck.
12:59 of 1st period - Jake Dotchin is hit by Sergey Tolchinsky and loses puck.
13:18 of 1st period - Minor Penalty to JC Lipon for Holding.
13:19 of 1st period - Calle Jarnkrok wins face-off versus Corey Trivino in Phantoms zone.
14:28 of 1st period - Andrei Mironov is hit by Reid McNeill and loses puck.
14:41 of 1st period - Sven Andrighetto is hit by Peter Holland.
15:09 of 1st period - Jake Dotchin is hit by Mattias Tedenby and loses puck.
15:18 of 1st period - Penalty to JC Lipon is over, JC Lipon is back on ice.
15:30 of 1st period - Snap shot by Jakub Vrana.
15:30 of 1st period - Stopped by Zachary Fucale without a rebound.
15:31 of 1st period - Ty Rattie wins face-off versus Nick Shore in Phantoms zone.
15:32 of 1st period - Snap shot by Jakub Vrana.
15:32 of 1st period - Goal by Jakub Vrana - Phantoms : 4 - Rocket : 2.
15:33 of 1st period - Calle Jarnkrok wins face-off versus Corey Trivino in neutral zone.
15:36 of 1st period - Slapshot by Travis Konecny.
15:36 of 1st period - Shot Blocked by Viktor Loov.
15:38 of 1st period - Snap shot by Calle Jarnkrok.
15:38 of 1st period - Shot Blocked by Andrei Mironov.
16:06 of 1st period - Off-side.
16:07 of 1st period - Nick Shore wins face-off versus Peter Holland in neutral zone.
16:10 of 1st period - Brandon Pirri is hit by Sven Andrighetto.
16:17 of 1st period - Minor Penalty to Danton Heinen for Hooking.
16:18 of 1st period - Alex DeBrincat wins face-off versus Dominic Turgeon in Rocket zone.
16:19 of 1st period - Wrist shot by Travis Konecny.
16:19 of 1st period - Stopped by Jean-Francois Berube with a rebound.
16:47 of 1st period - Snap shot by Morgan Klimchuk.
16:47 of 1st period - Goal by Morgan Klimchuk - Phantoms : 5 - Rocket : 2.
16:48 of 1st period - Corey Trivino wins face-off versus Calle Jarnkrok in neutral zone.
17:28 of 1st period - Sven Andrighetto is hit by Peter Holland and loses puck.
18:01 of 1st period - Adrian Kempe is hit by Reid McNeill and loses puck.
18:44 of 1st period - Slapshot by Morgan Klimchuk.
18:44 of 1st period - Stopped by Jean-Francois Berube without a rebound.
18:45 of 1st period - Mason Appleton wins face-off versus Nick Shore in Rocket zone.
18:45 of 1st period - Mason Appleton is hit by Nick Shore.
19:09 of 1st period - Blake Heinrich is hit by Peter Holland and loses puck.
Goals for this period are 5 for Phantoms vs 2 for Rocket.
Shots for this period are 16 for Phantoms vs 8 for Rocket.
2nd period
0:01 of 2nd period - Calle Jarnkrok wins face-off versus Corey Trivino in neutral zone.
0:01 of 2nd period - Calle Jarnkrok is hit by Corey Trivino.
0:05 of 2nd period - Snap shot by Travis Konecny.
0:05 of 2nd period - Stopped by Jean-Francois Berube with a rebound.
0:27 of 2nd period - Jake Dotchin is hit by Brandon Pirri and loses puck.
0:50 of 2nd period - Jakub Vrana is hit by Sven Andrighetto.
1:18 of 2nd period - Snap shot by Brendan Leipsic.
1:18 of 2nd period - Stopped by Jean-Francois Berube without a rebound.
1:19 of 2nd period - Corey Trivino wins face-off versus Calle Jarnkrok in Rocket zone.
1:19 of 2nd period - Corey Trivino is hit by Ivan Provorov.
1:22 of 2nd period - Minor Penalty to Viktor Loov for Hooking.
1:23 of 2nd period - Dominic Turgeon wins face-off versus Calle Jarnkrok in Rocket zone.
2:45 of 2nd period - Peter Holland is hit by Calle Jarnkrok and loses puck.
3:00 of 2nd period - Dylan DeMelo is hit by Reid McNeill and loses puck.
3:17 of 2nd period - Sven Andrighetto is hit by Dylan DeMelo and loses puck.
3:22 of 2nd period - Penalty to Viktor Loov is over, Viktor Loov is back on ice.
3:40 of 2nd period - Snap shot by Peter Holland.
3:40 of 2nd period - Shot Misses the Net.
4:02 of 2nd period - Snap shot by Lucas Wallmarkk.
4:02 of 2nd period - Shot Misses the Net.
4:27 of 2nd period - Icing by Lucas Wallmarkk.
4:28 of 2nd period - Lucas Wallmarkk wins face-off versus Corey Trivino in Phantoms zone.
5:55 of 2nd period - Jakub Vrana is hit by Morgan Klimchuk and loses puck.
6:03 of 2nd period - Off-side.
6:04 of 2nd period - Calle Jarnkrok wins face-off versus Brandon Pirri in neutral zone.
6:29 of 2nd period - Jake Dotchin is hit by Adam Fox and loses puck.
6:38 of 2nd period - Snap shot by Mattias Tedenby.
6:38 of 2nd period - Shot Misses the Net.
6:40 of 2nd period - Slapshot by Dean Kukan.
6:40 of 2nd period - Stopped by Zachary Fucale without a rebound.
6:41 of 2nd period - Corey Trivino wins face-off versus Calle Jarnkrok in Phantoms zone.
6:48 of 2nd period - Corey Trivino is hit by Alex DeBrincat and loses puck.
7:16 of 2nd period - Wrist shot by Cristoval Nieves.
7:16 of 2nd period - Stopped by Jean-Francois Berube without a rebound.
7:17 of 2nd period - Nick Shore wins face-off versus Peter Holland in Rocket zone.
8:12 of 2nd period - Nick Sorensen is hit by Ty Rattie and loses puck.
8:27 of 2nd period - Snap shot by Nick Shore.
8:27 of 2nd period - Shot Hit the Post.
8:29 of 2nd period - Wrist shot by Sven Andrighetto.
8:29 of 2nd period - Deflect By Morgan Klimchuk.
8:29 of 2nd period - Deflect By Dylan DeMelo.
8:29 of 2nd period - Goal by Morgan Klimchuk - Phantoms : 6 - Rocket : 2.
8:30 of 2nd period - Corey Trivino wins face-off versus Calle Jarnkrok in neutral zone.
8:33 of 2nd period - Travis Konecny is hit by Adrian Kempe and loses puck.
8:42 of 2nd period - Slapshot by Mattias Tedenby.
8:42 of 2nd period - Shot Blocked by Ivan Provorov.
8:44 of 2nd period - Wrist shot by Adrian Kempe.
8:44 of 2nd period - Deflect By Corey Trivino.
8:44 of 2nd period - Shot Misses the Net.
8:44 of 2nd period - Puck is out of play.
8:45 of 2nd period - Calle Jarnkrok wins face-off versus Peter Holland in Phantoms zone.
8:47 of 2nd period - Icing by Travis Konecny.
8:48 of 2nd period - Calle Jarnkrok wins face-off versus Peter Holland in Phantoms zone.
9:16 of 2nd period - Off-side.
9:17 of 2nd period - Nick Shore wins face-off versus Ty Rattie in neutral zone.
9:42 of 2nd period - Calle Jarnkrok is hit by Adrian Kempe and loses puck.
10:29 of 2nd period - Icing by Kole Sherwood.
10:30 of 2nd period - Calle Jarnkrok wins face-off versus Sergey Tolchinsky in Rocket zone.
10:39 of 2nd period - Slapshot by Travis Konecny.
10:39 of 2nd period - Shot Blocked by Dominic Turgeon.
10:41 of 2nd period - Slapshot by Mark Alt.
10:41 of 2nd period - Shot Blocked by Sergey Tolchinsky.
10:43 of 2nd period - Snap shot by Alex DeBrincat.
10:43 of 2nd period - Stopped by Jean-Francois Berube without a rebound.
10:44 of 2nd period - Corey Trivino wins face-off versus Calle Jarnkrok in Rocket zone.
11:23 of 2nd period - Wrist shot by Erik Nystrom.
11:23 of 2nd period - Deflect By Peter Holland.
11:23 of 2nd period - Stopped by Jean-Francois Berube without a rebound.
11:24 of 2nd period - Calle Jarnkrok wins face-off versus Mason Appleton in Rocket zone.
11:27 of 2nd period - Wrist shot by Travis Konecny.
11:27 of 2nd period - Shot Misses the Net.
11:29 of 2nd period - Minor Penalty to Dylan DeMelo for Interference.
11:30 of 2nd period - Dominic Turgeon wins face-off versus Calle Jarnkrok in Rocket zone.
11:30 of 2nd period - Dominic Turgeon is hit by Travis Konecny.
12:08 of 2nd period - Minor Penalty to Mark Alt for Roughing.
12:09 of 2nd period - Mattias Tedenby wins face-off versus Calle Jarnkrok in Phantoms zone.
12:12 of 2nd period - Slapshot by Brandon Pirri.
12:12 of 2nd period - Deflect By Mattias Tedenby.
12:12 of 2nd period - Shot Misses the Net.
12:12 of 2nd period - Puck is out of play.
12:13 of 2nd period - Calle Jarnkrok wins face-off versus Mattias Tedenby in Phantoms zone.
12:59 of 2nd period - Snap shot by Danton Heinen.
12:59 of 2nd period - Shot Blocked by Reid McNeill.
13:01 of 2nd period - Wrist shot by Corey Trivino.
13:01 of 2nd period - Shot Blocked by Alex DeBrincat.
13:03 of 2nd period - Snap shot by Danton Heinen.
13:03 of 2nd period - Stopped by Zachary Fucale without a rebound.
13:04 of 2nd period - Mattias Tedenby wins face-off versus Calle Jarnkrok in Phantoms zone.
13:05 of 2nd period - Snap shot by Brandon Pirri.
13:05 of 2nd period - Shot Hit the Post.
13:29 of 2nd period - Penalty to Dylan DeMelo is over, Dylan DeMelo is back on ice.
13:29 of 2nd period - Corey Trivino is hit by Alex DeBrincat and loses puck.
13:52 of 2nd period - Snap shot by Danton Heinen.
13:52 of 2nd period - Shot Misses the Net.
13:54 of 2nd period - Slapshot by Dean Kukan.
13:54 of 2nd period - Deflect By Reid McNeill.
13:54 of 2nd period - Stopped by Zachary Fucale with a rebound.
13:56 of 2nd period - Wrist shot by Corey Trivino.
13:56 of 2nd period - Goal by Corey Trivino - Phantoms : 6 - Rocket : 3.
13:57 of 2nd period - Corey Trivino wins face-off versus Nick Shore in neutral zone.
14:53 of 2nd period - Snap shot by Erik Nystrom.
14:53 of 2nd period - Shot Blocked by Viktor Loov.
15:33 of 2nd period - Wrist shot by Nick Shore.
15:33 of 2nd period - Stopped by Jean-Francois Berube with a rebound.
15:52 of 2nd period - Off-side.
15:53 of 2nd period - Calle Jarnkrok wins face-off versus Peter Holland in neutral zone.
15:53 of 2nd period - Calle Jarnkrok is hit by Brandon Pirri.
16:18 of 2nd period - Travis Konecny is hit by Jakub Vrana and loses puck.
16:45 of 2nd period - Snap shot by Mason Appleton.
16:45 of 2nd period - Stopped by Zachary Fucale with a rebound.
16:51 of 2nd period - Snap shot by Jakub Vrana.
16:51 of 2nd period - Shot Blocked by Calle Jarnkrok.
17:05 of 2nd period - Wrist shot by Calle Jarnkrok.
17:05 of 2nd period - Stopped by Jean-Francois Berube without a rebound.
17:06 of 2nd period - Corey Trivino wins face-off versus Nick Shore in Rocket zone.
17:13 of 2nd period - Snap shot by Morgan Klimchuk.
17:13 of 2nd period - Stopped by Jean-Francois Berube without a rebound.
17:14 of 2nd period - Sven Andrighetto wins face-off versus Corey Trivino in Rocket zone.
17:48 of 2nd period - Snap shot by Sven Andrighetto.
17:48 of 2nd period - Stopped by Jean-Francois Berube without a rebound.
17:49 of 2nd period - Cristoval Nieves wins face-off versus Peter Holland in Rocket zone.
18:02 of 2nd period - Mark Alt is hit by Peter Holland and loses puck.
18:37 of 2nd period - Alex DeBrincat is hit by Dominic Turgeon and loses puck.
19:04 of 2nd period - Snap shot by Cristoval Nieves.
19:04 of 2nd period - Stopped by Jean-Francois Berube with a rebound.
19:11 of 2nd period - Icing by Viktor Loov.
19:12 of 2nd period - Nick Shore wins face-off versus Peter Holland in Rocket zone.
19:17 of 2nd period - Wrist shot by Nick Shore.
19:17 of 2nd period - Shot Misses the Net.
19:19 of 2nd period - Slapshot by Brenden Kichton.
19:19 of 2nd period - Stopped by Jean-Francois Berube without a rebound.
19:20 of 2nd period - Calle Jarnkrok wins face-off versus Peter Holland in Rocket zone.
19:21 of 2nd period - Snap shot by Travis Konecny.
19:21 of 2nd period - Stopped by Jean-Francois Berube with a rebound.
19:23 of 2nd period - Wrist shot by Jake Dotchin.
19:23 of 2nd period - Stopped by Jean-Francois Berube with a rebound.
19:25 of 2nd period - Snap shot by Calle Jarnkrok.
19:25 of 2nd period - Shot Misses the Net.
19:27 of 2nd period - Snap shot by Calle Jarnkrok.
19:27 of 2nd period - Goal by Calle Jarnkrok - Phantoms : 7 - Rocket : 3.
19:28 of 2nd period - Calle Jarnkrok wins face-off versus Peter Holland in neutral zone.
19:37 of 2nd period - Wrist shot by Danton Heinen.
19:37 of 2nd period - Shot Blocked by Alex DeBrincat.
19:39 of 2nd period - Slapshot by Viktor Loov.
19:39 of 2nd period - Deflect By Danton Heinen.
19:39 of 2nd period - Shot Blocked by Travis Konecny.
19:39 of 2nd period - Puck is out of play.
19:40 of 2nd period - Corey Trivino wins face-off versus Calle Jarnkrok in Phantoms zone.
19:43 of 2nd period - Wrist shot by Adrian Kempe.
19:43 of 2nd period - Stopped by Zachary Fucale with a rebound.
Goals for this period are 2 for Phantoms vs 1 for Rocket.
Shots for this period are 15 for Phantoms vs 6 for Rocket.
3rd period
0:01 of 3rd period - Calle Jarnkrok wins face-off versus Peter Holland in neutral zone.
0:08 of 3rd period - Danton Heinen is hit by Alex DeBrincat and loses puck.
0:32 of 3rd period - Slapshot by Morgan Klimchuk.
0:32 of 3rd period - Stopped by Jean-Francois Berube with a rebound.
0:34 of 3rd period - Slapshot by Ivan Provorov.
0:34 of 3rd period - Stopped by Jean-Francois Berube without a rebound.
0:35 of 3rd period - Nick Shore wins face-off versus Peter Holland in Rocket zone.
1:05 of 3rd period - Slapshot by Travis Konecny.
1:05 of 3rd period - Stopped by Jean-Francois Berube with a rebound.
1:07 of 3rd period - Slapshot by Jake Dotchin.
1:07 of 3rd period - Stopped by Jean-Francois Berube without a rebound.
1:08 of 3rd period - Calle Jarnkrok wins face-off versus Mattias Tedenby in Rocket zone.
1:25 of 3rd period - Snap shot by Adrian Kempe.
1:25 of 3rd period - Stopped by Zachary Fucale with a rebound.
1:37 of 3rd period - Snap shot by Danton Heinen.
1:37 of 3rd period - Stopped by Zachary Fucale with a rebound.
1:39 of 3rd period - Slapshot by Dean Kukan.
1:39 of 3rd period - Shot Blocked by Blake Heinrich.
1:41 of 3rd period - Slapshot by Dean Kukan.
1:41 of 3rd period - Stopped by Zachary Fucale with a rebound.
1:43 of 3rd period - Slapshot by Dean Kukan.
1:43 of 3rd period - Shot Misses the Net.
1:45 of 3rd period - Snap shot by Brandon Pirri.
1:45 of 3rd period - Stopped by Zachary Fucale without a rebound.
1:46 of 3rd period - Corey Trivino wins face-off versus Cristoval Nieves in Phantoms zone.
1:51 of 3rd period - Snap shot by Mattias Tedenby.
1:51 of 3rd period - Stopped by Zachary Fucale with a rebound.
1:53 of 3rd period - Wrist shot by Adrian Kempe.
1:53 of 3rd period - Stopped by Zachary Fucale without a rebound.
1:54 of 3rd period - Corey Trivino wins face-off versus Cristoval Nieves in Phantoms zone.
2:01 of 3rd period - Wrist shot by Mattias Tedenby.
2:01 of 3rd period - Shot Misses the Net.
2:03 of 3rd period - Backhand shot by Corey Trivino.
2:03 of 3rd period - Shot Blocked by Mark Alt.
2:05 of 3rd period - Wrist shot by Mattias Tedenby.
2:05 of 3rd period - Stopped by Zachary Fucale with a rebound.
2:07 of 3rd period - Slapshot by Corey Trivino.
2:07 of 3rd period - Shot Misses the Net.
2:09 of 3rd period - Slapshot by Viktor Loov.
2:09 of 3rd period - Stopped by Zachary Fucale with a rebound.
2:11 of 3rd period - Wrist shot by Corey Trivino.
2:11 of 3rd period - Goal by Corey Trivino - Phantoms : 7 - Rocket : 4.
2:12 of 3rd period - Peter Holland wins face-off versus Calle Jarnkrok in neutral zone.
2:15 of 3rd period - Slapshot by Adam Fox.
2:15 of 3rd period - Deflect By Danton Heinen.
2:15 of 3rd period - Stopped by Zachary Fucale without a rebound.
2:16 of 3rd period - Peter Holland wins face-off versus Calle Jarnkrok in Phantoms zone.
2:17 of 3rd period - Wrist shot by Danton Heinen.
2:17 of 3rd period - Shot Blocked by Reid McNeill.
2:20 of 3rd period - Icing by Jake Dotchin.
2:21 of 3rd period - Calle Jarnkrok wins face-off versus Peter Holland in Phantoms zone.
2:47 of 3rd period - Peter Holland is hit by Jake Dotchin and loses puck.
3:02 of 3rd period - Wrist shot by Danton Heinen.
3:02 of 3rd period - Shot Misses the Net.
3:44 of 3rd period - Wrist shot by Calle Jarnkrok.
3:44 of 3rd period - Shot Misses the Net.
3:46 of 3rd period - Slapshot by Jake Dotchin.
3:46 of 3rd period - Stopped by Jean-Francois Berube with a rebound.
3:52 of 3rd period - Wrist shot by Travis Konecny.
3:52 of 3rd period - Stopped by Jean-Francois Berube without a rebound.
3:53 of 3rd period - Nick Shore wins face-off versus Corey Trivino in Rocket zone.
4:02 of 3rd period - Backhand shot by Sven Andrighetto.
4:02 of 3rd period - Shot Misses the Net.
5:07 of 3rd period - Wrist shot by Sven Andrighetto.
5:07 of 3rd period - Shot Misses the Net.
5:09 of 3rd period - Snap shot by Nick Shore.
5:09 of 3rd period - Stopped by Jean-Francois Berube without a rebound.
5:10 of 3rd period - Nick Shore wins face-off versus Dominic Turgeon in Rocket zone.
5:11 of 3rd period - Snap shot by Sven Andrighetto.
5:11 of 3rd period - Stopped by Jean-Francois Berube without a rebound.
5:12 of 3rd period - Nick Shore wins face-off versus Dominic Turgeon in Rocket zone.
5:36 of 3rd period - Off-side.
5:37 of 3rd period - Cristoval Nieves wins face-off versus Corey Trivino in neutral zone.
7:42 of 3rd period - Slapshot by Adam Fox.
7:42 of 3rd period - Stopped by Zachary Fucale without a rebound.
7:43 of 3rd period - Nick Shore wins face-off versus Mason Appleton in Phantoms zone.
7:54 of 3rd period - Slapshot by Nick Shore.
7:54 of 3rd period - Shot Misses the Net.
8:36 of 3rd period - Alex DeBrincat is hit by Adrian Kempe and loses puck.
9:43 of 3rd period - Nick Sorensen is hit by Corey Trivino.
10:30 of 3rd period - Jake Dotchin is hit by Corey Trivino and loses puck.
10:59 of 3rd period - Rinat Valiev is hit by Mattias Tedenby and loses puck.
11:27 of 3rd period - Minor Penalty to Andrey Pedan for Hooking.
11:28 of 3rd period - Dominic Turgeon wins face-off versus Calle Jarnkrok in Rocket zone.
12:24 of 3rd period - Mason Appleton is hit by Sven Andrighetto and loses puck.
12:38 of 3rd period - Icing by Mark Alt.
12:39 of 3rd period - Calle Jarnkrok wins face-off versus Peter Holland in Phantoms zone.
13:27 of 3rd period - Penalty to Andrey Pedan is over, Andrey Pedan is back on ice.
13:38 of 3rd period - Wrist shot by Danton Heinen.
13:38 of 3rd period - Shot Misses the Net.
13:54 of 3rd period - Snap shot by Brendan Leipsic.
13:54 of 3rd period - Deflect By Lucas Wallmarkk.
13:54 of 3rd period - Stopped by Jean-Francois Berube with a rebound.
13:56 of 3rd period - Slapshot by Lucas Wallmarkk.
13:56 of 3rd period - Shot Blocked by Dylan DeMelo.
13:58 of 3rd period - Wrist shot by JC Lipon.
13:58 of 3rd period - Stopped by Jean-Francois Berube with a rebound.
14:00 of 3rd period - Wrist shot by JC Lipon.
14:00 of 3rd period - Stopped by Jean-Francois Berube with a rebound.
14:02 of 3rd period - Wrist shot by Lucas Wallmarkk.
14:02 of 3rd period - Shot Blocked by Jakub Vrana.
14:14 of 3rd period - Snap shot by Adrian Kempe.
14:14 of 3rd period - Goal by Adrian Kempe - Phantoms : 7 - Rocket : 5.
14:15 of 3rd period - Peter Holland wins face-off versus Calle Jarnkrok in neutral zone.
14:34 of 3rd period - Minor Penalty to Brandon Pirri for Goalie Interference.
14:35 of 3rd period - Calle Jarnkrok wins face-off versus Dominic Turgeon in Rocket zone.
15:01 of 3rd period - Dominic Turgeon is hit by Sven Andrighetto and loses puck.
16:18 of 3rd period - Reid McNeill is hit by Mason Appleton.
16:34 of 3rd period - Penalty to Brandon Pirri is over, Brandon Pirri is back on ice.
16:40 of 3rd period - Slapshot by Dylan DeMelo.
16:40 of 3rd period - Stopped by Zachary Fucale without a rebound.
16:41 of 3rd period - Peter Holland wins face-off versus Cristoval Nieves in Phantoms zone.
16:48 of 3rd period - Snap shot by Nick Sorensen.
16:48 of 3rd period - Shot Misses the Net.
17:06 of 3rd period - Brendan Leipsic is hit by Adam Fox and loses puck.
17:42 of 3rd period - Slapshot by Peter Holland.
17:42 of 3rd period - Stopped by Zachary Fucale with a rebound.
17:52 of 3rd period - Adrian Kempe is hit by Sven Andrighetto and loses puck.
18:16 of 3rd period - Wrist shot by Cristoval Nieves.
18:16 of 3rd period - Stopped by Jean-Francois Berube without a rebound.
18:17 of 3rd period - Mason Appleton wins face-off versus Cristoval Nieves in Rocket zone.
18:28 of 3rd period - Slapshot by Jake Dotchin.
18:28 of 3rd period - Shot Misses the Net.
18:30 of 3rd period - Wrist shot by Erik Nystrom.
18:30 of 3rd period - Stopped by Jean-Francois Berube without a rebound.
18:31 of 3rd period - Calle Jarnkrok wins face-off versus Corey Trivino in Rocket zone.
18:41 of 3rd period - Slapshot by Calle Jarnkrok.
18:41 of 3rd period - Shot Misses the Net.
18:43 of 3rd period - Slapshot by Jake Dotchin.
18:43 of 3rd period - Stopped by Jean-Francois Berube without a rebound.
18:44 of 3rd period - Cristoval Nieves wins face-off versus Mason Appleton in Rocket zone.
18:58 of 3rd period - Slapshot by Jakub Vrana.
18:58 of 3rd period - Stopped by Zachary Fucale without a rebound.
18:59 of 3rd period - Corey Trivino wins face-off versus Calle Jarnkrok in Phantoms zone.
19:12 of 3rd period - Wrist shot by Adrian Kempe.
19:12 of 3rd period - Shot Misses the Net.
19:24 of 3rd period - Mattias Tedenby is hit by Travis Konecny and loses puck.
Goals for this period are 0 for Phantoms vs 2 for Rocket.
Shots for this period are 14 for Phantoms vs 15 for Rocket.